 Dungeon Crawl Stone Soup version 0.31.0-9-g3a7656b989 (webtiles) character file.

Game seed: 6833680614394625653

53 ziltoidlt the Caller (level 3, 0/19 HPs)
             Began as a Tengu Summoner on Jan 24, 2024.
             Slain by Natasha (9 damage)
             ... on level 2 of the Dungeon.
             The game lasted 00:15:43 (1579 turns).

ziltoidlt the Caller (Tengu Summoner)               Turns: 1579, Time: 00:15:43

Health: 0/19       AC:  3    Str:  8    XL:     3   Next: 89%
Magic:  1/7        EV: 12    Int: 17    God:
Gold:   113        SH:  0    Dex: 14    Spells: 1/7 levels left

rFire   . . .        e - +0 dagger
rCold   . . .        (no shield)
rNeg    . . .        a - +0 robe
rPois   .            (helmet restricted)
rElec   .            l - +0 cloak
rCorr   .            (no gloves)
SInv    .            (boots unavailable)
Will    .....        (no amulet)
Stlth   ++           (no ring)
HPRegen 0.23/turn    (no ring)
MPRegen 0.10/turn

%: acrobat
@: inugami summoned
A: beak, talons 3, acrobatic
a: no special abilities


You were on level 2 of the Dungeon.
You visited 1 branch of the dungeon, and saw 2 of its levels.

You collected 113 gold pieces.

Inventory:

Hand Weapons
 c - a +0 short sword
 e - a +0 dagger (weapon)
 j - a +0 spear
Missiles
 d - 17 stones (quivered)
Armour
 a - a +0 robe (worn)
 g - a +0 ring mail
 l - a +0 cloak (worn)
 n - a +0 leather armour
Scrolls
 f - a scroll of fog {unknown}
 h - a scroll of immolation {unknown}
 i - a scroll of amnesia {unknown}
 k - a scroll of butterflies {unknown}
Potions
 b - a potion of magic
 m - a potion of curing


   Skills:
 - Level 2.1 Dodging
 - Level 2.0 Stealth
 + Level 2.5 Spellcasting
 * Level 6.1 Summonings


You had one spell level left.
You knew the following spells:

 Your Spells              Type           Power      Damage    Failure   Level
a - Summon Small Mammal   Summ           92%        N/A       1%          1
b - Call Imp              Summ           46%        N/A       2%          2
c - Call Canine Familiar  Summ           23%        N/A       4%          3

Your spell library contained the following spells:

 Spells                   Type           Power      Damage    Failure   Level
 Summon Blazeheart Golem  Fire/Summ      12%        N/A       45%         4
 Summon Lightning Spire   Summ/Air       12%        N/A       45%         4


Dungeon Overview and Level Annotations

Branches:
Dungeon (2/15) Zot: 10412

Altars:
Xom

Shops:
D:2 (

Annotations:
D:2 Natasha


Innate Abilities, Weirdness & Mutations

You have a beak for a mouth.
You have claws for feet.
You can magically evade attacks while moving or waiting.


Message History

Confirm with . or Enter, or press ? or * to list all spells.
You miscast Call Imp.
You are very lightly contaminated with residual magic.
Nothing appears to happen.
Natasha casts a spell at you. The magic dart hits you!
Ouch! That really hurt!
The jackal moves out of view.
Your inugami barely misses the cerulean imp.
Your inugami misses Natasha.
The cerulean imp attacks as it pursues you!
The cerulean imp hits you from afar with a +0 spear.
The cerulean imp completely misses you.
Natasha growls.
Your inugami barely misses Natasha.
The cerulean imp attacks as it pursues you!
The cerulean imp hits you from afar with a +0 spear.
* * * LOW HITPOINT WARNING * * *
Something bites your inugami.
Your magical contamination has completely faded away.
It was a potion of curing.
You feel better. The cerulean imp barely misses you.
Okay, then.
The cerulean imp attacks as it pursues you!
The cerulean imp misses you.
The jackal bites your inugami but does no damage.
The cerulean imp completely misses you.
Natasha mewls in sadness.
Casting: Call Imp (safe; 2% risk of failure)
Confirm with . or Enter, or press ? or * to list all spells.
The cerulean imp barely misses you. Natasha attacks as she pursues you!
Natasha completely misses you. The cerulean imp completely misses you.
Natasha attacks as she pursues you! Natasha claws you but does no damage.
Your rat bites Natasha.
Casting: Summon Small Mammal (safe; 1% risk of failure)
Confirm with . or Enter, or press ? or * to list all spells.
The cerulean imp disappears in a puff of smoke!
Natasha claws you!
You die...
Natasha begins licking her fur clean.

......†.##.# #. #..#..
#.#.#..# #.##....#
#.....## #.)......
##.##..# ###...##.
.#####..#..#######....##.
......#......#........###
..#...r..###..........###
##..#..##...........##.
#...#r@>.....÷.........
#...#h##...<##.....###.
##...§###...........##.
##..h# #....#.........
#..h.# #.............<
##...# ##..#..........
#....# #.#..........#
#..#.## #...#......###
#.....# #..#........#


You could see Natasha (ally target), a jackal, a friendly inugami (summoned) and
2 friendly rats.

Vanquished Creatures
  A ball python (D:1)
  A giant cockroach (D:1)
  2 goblins (D:1)
  A bat (D:1)
  3 rats
8 creatures vanquished.

Vanquished Creatures (collateral kills)
  2 adders (D:2)
  3 dart slugs
  An endoplasm (D:2)
  2 goblins
  4 hobgoblins (D:1)
  2 kobolds (D:1)
  6 ball pythons
  2 frilled lizards (D:1)
  A rat (D:1)
23 creatures vanquished.

Grand Total: 31 creatures vanquished

Notes
Turn   | Place    | Note
-------+----------+-------------------------------------------
     0 | D:1      | ziltoidlt the Tengu Summoner began the quest for the Orb.
     0 | D:1      | Reached XP level 1. HP: 10/10 MP: 4/4
    55 | D:1      | Reached skill level 5 in Summonings
   119 | D:1      | You fall into a shaft and drop 1 floor!
   137 | D:2      | Found Woerch's Weapon Emporium.
   137 | D:2      | Noticed a +0 giant club
   139 | D:2      | Noticed a +0 demon trident
   181 | D:2      | Noticed Natasha
   222 | D:1      | Reached XP level 2. HP: 15/15 MP: 3/6
   225 | D:1      | Learned a level 2 spell: Call Imp
   605 | D:1      | Found a faded altar of an unknown god.
   912 | D:1      | Reached XP level 3. HP: 19/19 MP: 3/7
   916 | D:1      | Learned a level 3 spell: Call Canine Familiar
  1267 | D:2      | Reached skill level 6 in Summonings
  1461 | D:2      | Found a shimmering altar of Xom.
  1579 | D:2      | Slain by Natasha

Illustrated notes

Levels and vault maps discovered:
D:1:      psy_arrival_terrarium, layout_basic,
          shapermc_ecumenical_altar_hornbeckon, serial_curves, eino_curves_01,
          eino_curves_02, minmay_misc_feat_five
D:2:      layout_rooms, serial_shops, nicolae_shop_mannequins, basic_altar,
          nicolae_half_adder, uniq_natasha, uniq_sigmund

Skill      XL: |  1  2  3 |
---------------+----------+-----
Summonings     | 5 6 |  6.1
Dodging        | |  2.1
Stealth        | |  2.0
Spellcasting   | |  2.5

Action                     || total
---------------------------++-------
  Melee: Dagger            ||    10
         Short sword       ||     1
         Peck              ||     2
         Kick              ||     2
  Throw: Stone             ||     2
   Cast: Summon Small Mamm ||    21
         Call Imp          ||    14
         Call Canine Famil ||     3
    Use: Potion            ||     1
   Stab: Sleeping          ||     2
 Armour: Robe              ||    14
  Dodge: Dodged            ||    21
